 Dungeon Crawl Stone Soup version 0.30.1-3-gfc49f6343a (webtiles) character file.

Game seed: 1069338196351002757

310 cheesebisquit the Trooper (level 6, -3/47 HPs)
             Began as a Djinni Fire Elementalist on July 20, 2023.
             Slain by an iguana (11 damage)
             ... on level 4 of the Dungeon.
             The game lasted 00:08:26 (2778 turns).

cheesebisquit the Trooper (DjFE)                    Turns: 2778, Time: 00:08:26

Health: -3/47      AC:  2    Str:  7    XL:     6   Next: 69%
Gold:   139        EV: 12    Int: 18    God:
                   SH:  0    Dex: 14

rFire   + + .        e - +2 short sword (freeze)
rCold   x . .        (no shield)
rNeg    . . .        a - +0 robe
rPois   ∞            (no helmet)
rElec   .            (no cloak)
rCorr   .            (no gloves)
SInv    +            (boots unavailable)
Will    .....        (no amulet)
Stlth   ++           p - ring of see invisible
HPRegen 0.27/turn    (no ring)
MPRegen 0.00/turn

%: infuse magic (-4 HP)
@: flying
A: sickness immunity, fire resistance 2, cold vulnerability 1, float, innate
caster, HP casting, extra vitality 1
a: no special abilities


You were on level 4 of the Dungeon.
You visited 1 branch of the dungeon, and saw 4 of its levels.

You collected 139 gold pieces.

Inventory:

Hand Weapons
 d - a +1 hand axe of flaming
 e - a +2 short sword of freezing (weapon)
Missiles
 g - 8 poisoned darts
Armour
 a - a +0 robe (worn)
Jewellery
 p - a ring of see invisible (left hand)
Wands
 l - a wand of mindburst (22)
 m - a wand of flame (11)
Scrolls
 b - a scroll of teleportation {unknown}
 f - 2 scrolls of identify {unknown}
 h - a scroll of enchant armour {unknown}
 i - 2 scrolls of fog {unknown}
 j - a scroll of summoning {unknown}
 o - a scroll of noise {unknown}
Potions
 c - a potion of curing
 k - a potion of heal wounds {unknown}
 n - a potion of brilliance {unknown}


   Skills:
 + Level 4.2 Fighting
 - Level 2.1 Dodging
 - Level 1.5 Stealth
 + Level 4.1 Spellcasting


You knew the following spells:

 Your Spells              Type           Power      Damage    Failure   Level
a - Foxfire               Conj/Fire      72%        2x1d7     2%          1
b - Scorch                Fire           36%        2d7       4%          2
c - Volatile Blastmotes   Fire/Tloc      36%        2d13      8%          3
d - Inner Flame           Hex/Fire       18%        N/A       8%          3
e - Flame Wave            Conj/Fire      18%        2d7       26%         4
f - Slow                  Hex            72%        N/A       2%          1
g - Static Discharge      Conj/Air       36%        2-4/arc   4%          2
Your spell library was empty.

Dungeon Overview and Level Annotations

Branches:
Dungeon (4/15)
 Temple: D:4-7

Altars:


Innate Abilities, Weirdness & Mutations

You are immune to sickness and miasma.
You are immune to poison.
Your flesh is very heat resistant. (rF++)
You are vulnerable to cold. (rC-)
You float through the air rather than walking.
You learn spells naturally, not from books.
Your magical power is your life essence.
You have superior vitality. (+4 MHP)


Message History

The adder is lightly wounded.
The adder's fire resistance burns away.
You hear a shout!
The foxfire hits the iguana.
The iguana is lightly wounded.
The foxfire hits the iguana.
The iguana is lightly wounded.
The iguana completely misses you.
You conjure some foxfire!
The adder barely misses you.
A ball python comes into view.
The iguana barely misses you.
Casting: Foxfire (safe; 2% risk of failure)
Confirm with . or Enter, or press ? or * to list all spells.
Flames lash the adder.
The adder is burned terribly!
You kill the adder!
The foxfire hits the iguana.
The iguana is heavily wounded.
The foxfire hits the iguana but does no damage.
The iguana is heavily wounded.
A giant cockroach comes into view.
The endoplasm hits you. The iguana bites you!
You conjure some foxfire!
A scorpion comes into view.
The iguana bites you! The endoplasm barely misses you.
Casting: Foxfire (safe; 2% risk of failure)
Confirm with . or Enter, or press ? or * to list all spells.
Flames lash the iguana but do no damage.
The foxfire hits the endoplasm.
The endoplasm is lightly wounded.
The foxfire hits the iguana but does no damage.
The iguana is heavily wounded.
The iguana bites you!
* * * LOW HITPOINT WARNING * * *
The endoplasm hits you.
* * * LOW HITPOINT WARNING * * *
It was a potion of curing.
You feel better. The endoplasm completely misses you. The iguana bites you.
* * * LOW HITPOINT WARNING * * *
The iguana bites you!
You die...

......
###.....K .#
####........
... ...........
....#..........
#............
#..........)
#..l@S..)...
#......JB.."..
...##..........
. #.....s....
#..........
##.........
#.........
##..##....


You could see a scorpion, an iguana, an endoplasm, a giant cockroach, a ball
python and a kobold.

Vanquished Creatures
  A sleepcap (D:3)
  Terence (D:2)
  4 orc wizards
  6 adders
  2 worms (D:2)
  2 dart slugs (D:2)
  11 orcs
  3 ball pythons
  4 endoplasms
  3 giant cockroaches
  6 goblins
  9 hobgoblins
  8 jackals
  3 quokkas (D:1)
  7 bats
  4 frilled lizards (D:1)
  11 kobolds
  4 rats
  A spectral hobgoblin (D:1)
90 creatures vanquished.

Vanquished Creatures (others)
  215 foxfires
215 creatures vanquished.

Grand Total: 305 creatures vanquished

Notes
Turn   | Place    | Note
-------+----------+-------------------------------------------
     0 | D:1      | cheesebisquit the Djinni Fire Elementalist began the quest
                  | for the Orb.
     0 | D:1      | cheesebisquit set off with the following spells memorised:
                  | Foxfire, Scorch, Volatile Blastmotes, Inner Flame, Flame
                  | Wave.
     0 | D:1      | Reached XP level 1. HP: 15/15 MP: 0/0
    94 | D:1      | Reached skill level 1 in Fighting
    94 | D:1      | Reached XP level 2. HP: 21/22 MP: 0/0
   141 | D:1      | Found a faded altar of an unknown god.
   313 | D:1      | Reached XP level 3. HP: 25/27 MP: 0/0
   313 | D:1      | Learned a level 1 spell: Slow
   952 | D:2      | Reached XP level 4. HP: 33/33 MP: 0/0
  1700 | D:2      | Reached XP level 5. HP: 14/40 MP: 0/0
  1700 | D:2      | Learned a level 2 spell: Static Discharge
  2098 | D:3      | Noticed Terence
  2106 | D:2      | Reached XP level 6. HP: 34/47 MP: 0/0
  2109 | D:2      | Killed Terence
  2776 | D:4      | HP: 2/47 [endoplasm (3)]
  2778 | D:4      | Slain by an iguana

Illustrated notes

Levels and vault maps discovered:
D:1:      heliophobic_arrival_battle_scene, layout_basic,
          dreamdust_ecumenical_altar_drowned_temple
D:2:      layout_basic
D:3:      layout_rooms, uniq_terence
D:4:      layout_rooms, temple_fountains, abandoned_shop, nzn_random_ring,
          uniq_crazy_yiuf_cottage

Skill      XL: |  1  2  3  4  5  6 |
---------------+-------------------+-----
Fighting       | 1 2 3 4 |  4.2
Spellcasting   | 3 4 |  4.1
Dodging        | |  2.1
Stealth        | |  1.5

Action                     |  1- 3 |  4- 6 || total
---------------------------+-------+-------++-------
  Melee: Unarmed           |     3 |       ||     3
         Short sword       |     2 |       ||     2
   Cast: Foxfire           |    46 |    78 ||   124
         Scorch            |     6 |    42 ||    48
    Use: Potion            |       |     1 ||     1
 Armour: Robe              |     2 |     7 ||     9
  Dodge: Dodged            |     7 |    40 ||    47
